 Dungeon Crawl Stone Soup version 0.25.0-26-g0c896c7088 (webtiles) character file.

Game seed: 3379799678580593706

5271 lepoulpe303 the Grappler (level 10, 0/98 HPs)
             Began as a Troll Monk on July 2, 2020.
             Was a Priest of Qazlal.
             Slain by a six-headed hydra (8 damage)
             ... on level 13 of the Dungeon.
             The game lasted 00:17:35 (8034 turns).

lepoulpe303 the Grappler (Troll Monk)               Turns: 8034, Time: 00:17:35

Health: 0/98       AC:  7    Str: 22    XL:     10   Next: 36%
Magic:  12/12      EV: 13    Int:  6    God:    Qazlal [***...]
Gold:   475        SH:  4    Dex: 14    Spells: 9/9 levels left

rFire    + . .     SeeInvis +     - Unarmed
rCold    . . .     Gourm    +   (no shield)
rNeg     . . .     Faith    .   z - +1 robe {MR+} {MR+}
rPois    .         Spirit   .   (helmet restricted)
rElec    .         Reflect  .   f - scarf {harm}
rCorr    .         Harm     +   (gloves unavailable)
MR       +....                  (boots unavailable)
Stlth    +.........             (no amulet)
HPRegen  0.66/turn              S - ring of see invisible
MPRegen  0.13/turn              F - ring of protection from fire

@: no status effects
A: large, unfitting armour, claws 3, fast metabolism 3, gourmand, regeneration
1, shaggy fur 1, tough skin 3
a: Upheaval, Elemental Force, Renounce Religion


You were on level 13 of the Dungeon.
You worshipped Qazlal.
Qazlal was most pleased with you.
You were very full.

You visited 1 branch of the dungeon, and saw 11 of its levels.

You collected 640 gold pieces.
You spent 165 gold pieces at shops.

Inventory:

Missiles
 d - 2 throwing nets {=f}
 k - a boomerang (quivered)
 r - 26 poisoned darts
 Q - 262 stones
Armour
 f - a scarf of harm (worn)
 z - a +1 robe of magic resistance (worn) {MR+}
Jewellery
 F - a ring of protection from fire (right claw)
 S - a ring of see invisible (left claw)
Wands
 j - a wand of acid (5)
 t - a wand of polymorph (4)
 A - a wand of iceblast (5)
Scrolls
 c - 3 scrolls of teleportation {unknown}
 i - 2 scrolls of identify
 m - a scroll of enchant weapon {unknown}
 n - a scroll of noise {unknown}
 o - a scroll of amnesia {unknown}
 p - a scroll of immolation {unknown}
 v - a scroll of summoning {unknown}
 w - 6 scrolls of remove curse
 y - a scroll of enchant armour {unknown}
 B - a scroll of fear {unknown}
 C - a scroll of vulnerability {unknown}
Potions
 b - 2 potions of berserk rage {!q}
 g - 4 potions of stabbing
 h - 2 potions of haste
 l - 2 potions of heal wounds
 q - 4 potions of curing
 s - a potion of brilliance {unknown}
 u - a potion of degeneration {unknown}
 x - a potion of magic {unknown}
Comestibles
 e - 20 rations


   Skills:
 + Level 5.9 Fighting
 + Level 5.6 Throwing
 + Level 5.8 Dodging
 - Level 1.0 Stealth
 * Level 9.5 Unarmed Combat
 * Level 5.2 Invocations


You had 9 spell levels left.
You didn't know any spells.
Your spell library contained the following spells:

 Spells                   Type           Power        Failure   Level  Hunger
 Beastly Appendage        Tmut           #.....       45%         1    ##.....
 Shock                    Conj/Air       #...         45%         1    ##.....
 Sticks to Snakes         Tmut           #.......     58%         2    ###....
 Swiftness                Chrm/Air       #.......     58%         2    ###....
 Spider Form              Tmut/Pois      #.........   83%         3    ####...
 Static Discharge         Conj/Air       #.......     83%         3    ####...
 Airstrike                Air            #.........   99%         4    #####..
 Ice Form                 Ice/Tmut       #.......     99%         4    #####..
 Blade Hands              Tmut           #.........   100%        5    ######.
 Lightning Bolt           Conj/Air       #.........   100%        5    ######.


Dungeon Overview and Level Annotations

Branches:
Dungeon (10/15)            Temple (0/1) D:5
   Lair: D:8-11         Orc: D:9-12

Altars:
Ashenzari
Cheibriados
Elyvilon
Fedhas
Hepliaklqana
Qazlal
Ru
Sif Muna
Trog
Xom
Yredelemnul
Zin
The Shining One
Beogh

Shops:
D:9 *

Annotations:
D:4 2 transporters, lepoulpe303's ghost, amateur SpEn


Innate Abilities, Weirdness & Mutations

You are too large for most types of armour.
You have claws for hands.
Your metabolism is lightning-fast.
You like to eat raw meat.
Your natural rate of healing is unusually fast.
You are covered in fur. (AC +1)
You have extremely tough skin. (AC +3)


Message History

The orc closely misses you.
You scratch the six-headed hydra but do no damage.
The six-headed hydra bites you! x2
* * * LOW HITPOINT WARNING * * *
The six-headed hydra barely misses you. The six-headed hydra bites you!
* * * LOW HITPOINT WARNING * * *
The six-headed hydra bites you but does no damage.
The six-headed hydra bites you.
* * * LOW HITPOINT WARNING * * *
You take 49 damage, and have 32/98 hp.
MASSIVE DAMAGE!!
The six-headed hydra bites you!
* * * LOW HITPOINT WARNING * * *
The six-headed hydra bites you but does no damage.
The six-headed hydra bites you.
* * * LOW HITPOINT WARNING * * *
The six-headed hydra bites you.
* * * LOW HITPOINT WARNING * * *
The six-headed hydra misses you. The six-headed hydra bites you!
You die...

##..# ##
#..#### #..o..#
#.....# #.....#
#....## #
#....######.###
#.....oD.......
#.....#@.......
##########..###
.#


You could see a six-headed hydra and an orc.

Levels and vault maps discovered:
D:1:      dpeg_arrival_ratfight, layout_basic
D:2:      layout_loops_corners, chequers_ecumenical_altar_simple, first_ration
D:3:      corexii_shack_village, layout_rooms, uniq_jessica
D:4:      layout_basic, gammafunk_ghost_mausoleum, uniq_eustachio
D:5:      minmay_thinvault, layout_rooms, overflow_temple_1_default,
          minmay_temple_entry_from_below_a
D:6:      layout_basic, lemuel_doored_altar, minitemple, serial_bayou,
          serial_bayou_pond_c, serial_bayou_pond_c, serial_bayou_shore_a,
          serial_bayou_ford_a
D:7:      layout_rooms, lemuel_crystal_altar, led_sif_pool,
          kennysheep_little_box, serial_rivers, chequers_serial_rivers_micro_b,
          chequers_serial_rivers_large_a, chequers_serial_rivers_micro_b,
          chequers_serial_rivers_marsh, uniq_menkaure
D:8:      layout_loops_cross, david_defended_altar_orc
D:9:      layout_gridville, nicolae_overflow_crystal_walls, serial_shops, shop,
          chequers_arboretum
D:10:     layout_rooms, hangedman_little_slice_of_home
D:13:     layout_gridville, basic_altar

Notes
Turn   | Place    | Note
-------+----------+-------------------------------------------
     0 | D:1      | lepoulpe303 the Troll Monk began the quest for the Orb.
     0 | D:1      | Reached XP level 1. HP: 22/22 MP: 0/0
    30 | D:1      | Identified a +0 club
   127 | D:1      | Reached XP level 2. HP: 29/29 MP: 1/1
   145 | D:1      | Identified a cursed -3 dagger
   147 | D:1      | Identified a +0 whip
   172 | D:1      | Identified a cursed -1 club
   271 | D:1      | Reached XP level 3. HP: 36/36 MP: 2/2
   677 | D:2      | Identified a +0 dagger
   684 | D:2      | Reached skill level 1 in Throwing
   685 | D:2      | Identified a +0 dagger
   686 | D:2      | Found a faded altar of an unknown god.
   716 | D:2      | Identified a +0 club
   801 | D:2      | Identified a +0 club
   829 | D:2      | Identified a +0 club
   963 | D:2      | Identified a +0 dagger
   966 | D:2      | Identified a +0 dagger
  1042 | D:2      | Identified a +0 hunting sling
  1139 | D:2      | Identified a scarf of harm (You found it on level 2 of the
                  | Dungeon)
  1139 | D:2      | Identified a ring of see invisible (You found it on level 2
                  | of the Dungeon)
  1241 | D:2      | Identified a +0 club
  1271 | D:2      | Reached XP level 4. HP: 44/44 MP: 3/3
  1503 | D:2      | Identified a +0 dagger
  1691 | D:3      | Reached skill level 4 in Unarmed Combat
  1722 | D:3      | Identified a +0 club
  1722 | D:3      | Identified a +0 club
  1785 | D:3      | Identified a +0 club
  1868 | D:3      | Reached skill level 3 in Fighting
  1869 | D:3      | Identified a +0 robe
  1869 | D:3      | Noticed Jessica
  1878 | D:3      | Killed Jessica
  1878 | D:3      | Reached skill level 3 in Dodging
  1892 | D:3      | Reached XP level 5. HP: 53/53 MP: 4/4
  2074 | D:3      | Identified a +0 short sword of draining
  2104 | D:3      | Identified a +0 dagger
  2132 | D:3      | Identified a +0 club
  2144 | D:3      | Identified a +0 club
  2159 | D:3      | Identified a +0 dagger
  2293 | D:4      | Identified a +0 war axe
  2448 | D:4      | Found a transporter.
  2459 | D:4      | Found a transporter.
  2459 | D:4      | Noticed lepoulpe303's ghost (amateur SpEn)
  2605 | D:4      | Reached skill level 2 in Throwing
  2683 | D:4      | Reached XP level 6. HP: 61/61 MP: 5/5
  2806 | D:4      | Identified a +0 rapier
  2806 | D:4      | Identified a +0 leather armour
  2806 | D:4      | Noticed Eustachio
  2829 | D:4      | Killed Eustachio
  2829 | D:4      | Reached skill level 5 in Unarmed Combat
  2995 | D:5      | Entered Level 5 of the Dungeon
  3032 | D:5      | Identified a cursed -2 dagger
  3032 | D:5      | Identified a +0 leather armour
  3033 | D:5      | Identified a +0 club
  3033 | D:5      | Identified a +2 leather armour of fire resistance
  3033 | D:5      | Identified a +0 club
  3035 | D:5      | Identified a +0 dagger
  3035 | D:5      | Identified a +0 robe
  3037 | D:5      | Identified a +0 chain mail
  3038 | D:5      | Identified a +0 dagger
  3038 | D:5      | Identified a +0 robe
  3039 | D:5      | Identified a cursed -2 club
  3040 | D:5      | Identified a +0 dagger
  3040 | D:5      | Identified a +0 scale mail
  3043 | D:5      | Identified a +0 dagger
  3043 | D:5      | Identified a +0 chain mail
  3059 | D:5      | Reached XP level 7. HP: 50/68 MP: 6/6
  3260 | D:5      | Identified a +0 shortbow
  3269 | D:5      | Reached skill level 3 in Throwing
  3314 | D:5      | Identified a +0 dagger
  3314 | D:5      | Identified a +0 robe
  3314 | D:5      | Identified a +0 giant club
  3318 | D:5      | Reached skill level 4 in Fighting
  3318 | D:5      | Reached skill level 6 in Unarmed Combat
  3321 | D:5      | Reached skill level 4 in Dodging
  3574 | D:5      | Identified a cursed +6 great sword
  3574 | D:5      | Identified a +0 robe
  3587 | D:5      | Reached XP level 8. HP: 74/78 MP: 7/7
  3590 | D:5      | Identified a +0 hand axe
  3590 | D:5      | Identified a +0 robe
  3604 | D:5      | Identified a +0 mace
  3604 | D:5      | Identified a +0 robe
  3604 | D:5      | Identified a +5 dagger of freezing
  3604 | D:5      | Identified a +0 robe
  3791 | D:5      | Found a staircase to the Ecumenical Temple.
  3795 | D:5      | Found a hazy altar of Hepliaklqana.
  3983 | D:6      | Identified a +0 giant club
  3991 | D:6      | Reached skill level 7 in Unarmed Combat
  4011 | D:6      | Identified a +0 scale mail
  4055 | D:6      | Identified a +0 falchion
  4055 | D:6      | Identified a +0 dagger
  4055 | D:6      | Identified a +0 robe
  4057 | D:6      | Reached skill level 4 in Throwing
  4192 | D:6      | Found a stormy altar of Qazlal.
  4192 | D:6      | Found a basalt altar of Yredelemnul.
  4192 | D:6      | Found a white marble altar of Elyvilon.
  4192 | D:6      | Found a sacrificial altar of Ru.
  4195 | D:6      | Found a shattered altar of Ashenzari.
  4196 | D:6      | Found a bloodstained altar of Trog.
  4197 | D:6      | Found a glowing golden altar of the Shining One.
  4212 | D:6      | Became a worshipper of Qazlal Stormbringer
  4212 | D:6      | Reached * piety under Qazlal
  4212 | D:6      | Reached ** piety under Qazlal
  4236 | D:6      | Found a shimmering altar of Xom.
  4413 | D:6      | Identified a +0 trident
  4413 | D:6      | Identified a +0 flail
  4416 | D:6      | Identified a +0 dagger
  4416 | D:6      | Identified a +0 ring mail
  4417 | D:6      | Identified a +0 whip
  4417 | D:6      | Identified a +0 ring mail
  4420 | D:6      | Identified a +0 club
  4983 | D:6      | Identified a +1 robe of magic resistance (You found it on
                  | level 6 of the Dungeon)
  5043 | D:6      | Reached skill level 1 in Invocations
  5256 | D:6      | Identified 8 scrolls of remove curse
  5257 | D:6      | Identified 5 scrolls of identify
  5257 | D:6      | Identified an amulet of inaccuracy (You found it on level 3
                  | of the Dungeon)
  5335 | D:7      | Identified a +0 mace
  5358 | D:7      | Noticed Menkaure
  5365 | D:7      | Killed Menkaure
  5365 | D:7      | Reached skill level 5 in Fighting
  5365 | D:7      | Reached skill level 2 in Invocations
  5365 | D:7      | Reached XP level 9. HP: 88/88 MP: 9/9
  5389 | D:7      | Found a shimmering blue altar of Sif Muna.
  5475 | D:7      | Reached skill level 5 in Dodging
  5488 | D:7      | Identified a +0 club
  5488 | D:7      | Identified a cursed -1 leather armour
  5494 | D:7      | Found a glowing silver altar of Zin.
  5608 | D:7      | Found a snail-covered altar of Cheibriados.
  5786 | D:8      | Reached skill level 8 in Unarmed Combat
  5794 | D:8      | Identified a +0 glaive
  5794 | D:8      | Identified a +0 plate armour
  6015 | D:8      | Identified a +0 dagger
  6015 | D:8      | Identified a +0 robe
  6017 | D:8      | Identified a +0 flail
  6023 | D:8      | Reached skill level 3 in Invocations
  6057 | D:8      | Identified a +0 giant club
  6062 | D:8      | Identified a +0 war axe
  6062 | D:8      | Identified a +0 robe
  6065 | D:8      | Identified a +0 dagger
  6065 | D:8      | Identified a cursed +0 robe
  6066 | D:8      | Identified a +0 dagger
  6066 | D:8      | Identified a +0 robe
  6143 | D:8      | Identified a +0 short sword
  6143 | D:8      | Identified a +0 chain mail
  6148 | D:8      | Identified a +0 club
  6154 | D:8      | Identified a +0 dagger
  6240 | D:8      | Identified a cursed -3 hand axe
  6417 | D:8      | Reached skill level 5 in Throwing
  6418 | D:8      | Found a roughly hewn altar of Beogh.
  6418 | D:8      | Identified a +0 flail
  6418 | D:8      | Identified a +0 leather armour
  6418 | D:8      | Identified a +0 trident
  6418 | D:8      | Identified a +0 ring mail
  6419 | D:8      | Identified a +0 short sword
  6569 | D:8      | Identified a +0 flail
  6569 | D:8      | Identified a +4 plate armour
  6569 | D:8      | Identified a +0 flail
  6569 | D:8      | Identified a +0 shortbow
  6569 | D:8      | Identified a +0 dagger
  6579 | D:8      | Reached *** piety under Qazlal
  6583 | D:8      | Reached skill level 4 in Invocations
  6778 | D:9      | Found Patatups's Assorted Antiques.
  6796 | D:9      | Identified 2 potions of haste
  6797 | D:9      | Identified 2 potions of berserk rage
  6798 | D:9      | Identified 4 potions of curing
  6799 | D:9      | Identified 2 potions of heal wounds
  6800 | D:9      | Identified 4 potions of stabbing
  6826 | D:9      | Identified a cursed +4 flail
  6826 | D:9      | Identified a +0 robe
  6828 | D:9      | Identified a cursed +0 hand axe
  6828 | D:9      | Identified a +0 robe
  6829 | D:9      | Identified a cursed -2 flail
  6829 | D:9      | Identified a cursed +0 robe
  6848 | D:9      | Found a blossoming altar of Fedhas.
  6848 | D:9      | Identified a cursed +4 flail of freezing
  6848 | D:9      | Identified a +0 robe
  6887 | D:9      | Identified a +0 giant club
  6926 | D:9      | Identified a +0 flail
  6926 | D:9      | Identified a +0 ring mail
  6939 | D:9      | Identified a cursed -3 flail
  6939 | D:9      | Identified a +1 scale mail of poison resistance
  6939 | D:9      | Identified a +0 dagger
  6939 | D:9      | Identified a +0 ring mail
  6945 | D:9      | Reached skill level 9 in Unarmed Combat
  6945 | D:9      | Identified a +0 dagger
  6945 | D:9      | Identified a +0 robe
  6953 | D:9      | Identified a +0 dagger
  6953 | D:9      | Identified a +0 robe
  7037 | D:9      | Identified a +2 dagger of flaming
  7037 | D:9      | Identified a +0 robe
  7037 | D:9      | Identified a +0 flail
  7037 | D:9      | Identified a +0 plate armour
  7039 | D:9      | Identified a +0 scale mail
  7088 | D:9      | Identified a +0 dagger
  7088 | D:9      | Identified a +0 robe
  7088 | D:9      | Identified a +0 leather armour
  7088 | D:9      | Identified a cursed -3 short sword
  7088 | D:9      | Identified a +2 flail of protection
  7088 | D:9      | Identified a +0 leather armour
  7088 | D:9      | Identified a +0 mace
  7096 | D:9      | Reached XP level 10. HP: 97/97 MP: 12/12
  7169 | D:9      | Identified a cursed +0 cloak (You found it on level 9 of
                  | the Dungeon)
  7291 | D:9      | Identified a +0 dagger
  7291 | D:9      | Identified a +0 robe
  7295 | D:9      | Identified a +0 war axe
  7307 | D:9      | Identified a +0 mace
  7307 | D:9      | Identified a cursed +0 leather armour
  7625 | D:9      | Bought a notched diamond ring for 165 gold pieces
  7646 | D:10     | Entered Level 10 of the Dungeon
  7654 | D:10     | Identified a +0 giant club
  7654 | D:10     | Identified a +0 giant spiked club
  7654 | D:10     | Noticed a two-headed ogre
  7661 | D:10     | Killed a two-headed ogre
  7661 | D:10     | Reached skill level 5 in Invocations
  7703 | D:10     | Identified a cursed +0 trident
  7703 | D:10     | Identified a +0 leather armour
  7703 | D:10     | Identified a +0 dagger
  7705 | D:10     | Identified a +0 hand axe
  7705 | D:10     | Identified a +0 chain mail
  8016 | D:10     | You fall into a shaft and drop 3 floors!
  8016 | D:13     | Found a white marble altar of Elyvilon.
  8017 | D:13     | Identified a +0 whip
  8017 | D:13     | Identified a +0 leather armour
  8017 | D:13     | Identified a +0 scimitar of flaming
  8017 | D:13     | Identified a +0 long sword of freezing
  8017 | D:13     | Identified a +0 plate armour
  8018 | D:13     | Identified a +0 short sword
  8021 | D:13     | Identified a +1 antimagic dagger
  8021 | D:13     | Identified a +0 ring mail
  8030 | D:13     | Noticed a five-headed hydra
  8034 | D:13     | HP: 19/98 [six-headed hydra (14)]
  8034 | D:13     | HP: 8/98 [six-headed hydra (7)]
  8034 | D:13     | Slain by a six-headed hydra

Table legend:
 A = Turns spent in this place as a percentage of turns spent in the entire game.
 B = Non-inter-level travel turns spent in this place as a percentage of non-inter-level travel turns spent in the entire game.
 C = Inter-level travel turns spent in this place as a percentage of turns spent in this place.
 D = Turns resting spent in this place as a percentage of non-inter-level travel turns spent in this place.
 E = Turns spent auto-exploring this place as a percentage of non-inter-level travel turns spent in this place.
 F = Non-inter-level travel turns spent in this place divided by the number of levels of this place that you've seen.
                   A       B       C       D       E      F
               +-------+-------+-------+-------+-------+----------------------
         Total | 100.0 | 100.0 |   3.3 |  10.3 |  70.7 | 706.1
       Dungeon | 100.0 | 100.0 |   3.3 |  10.3 |  70.7 | 706.1
               +-------+-------+-------+-------+-------+----------------------

Table legend:
 A = Kills in this place as a percentage of kills in entire the game.
 B = Kills by you in this place as a percentage of kills by you in the entire game.
 C = Kills by friends in this place as a percentage of kills by friends in the entire game.
 D = Other kills in this place as a percentage of other kills in the entire game.
 E = Experience gained in this place as a percentage of experience gained in the entire game.
 F = Experience gained in this place divided by the number of levels of this place that you have seen.
                   A       B       C       D       E      F
               +-------+-------+-------+-------+-------+----------------------
         Total | 100.0 | 100.0 |   N/A | 100.0 | 100.0 | 684.5
       Dungeon | 100.0 | 100.0 |   N/A | 100.0 | 100.0 | 684.5
               +-------+-------+-------+-------+-------+----------------------

Skill      XL: |  1  2  3  4  5  6  7  8  9 10 |
---------------+-------------------------------+-----
Throwing       | 1 2 3 4 5 |  5.6
Unarmed Combat | 4 5 6 7 9 |  9.5
Fighting       | 3 4 5 |  5.9
Dodging        | 3 4 5 |  5.8
Invocations    | 2 4 5 |  5.2
Stealth        | |  1.0

Action                   |  1- 3 |  4- 6 |  7- 9 | 10-12 || total
-------------------------+-------+-------+-------+-------++-------
Melee: Unarmed           |   111 |   123 |   224 |    34 ||   492
       Punch             |       |     1 |     4 |     3 ||     8
Throw: Stone             |    62 |   115 |    47 |       ||   224
       Boomerang         |       |       |   154 |    38 ||   192
  Use: Scroll            |       |       |     7 |     1 ||     8
 Stab: Sleeping          |     1 |     1 |       |       ||     2
  Eat: Chunk             |    17 |    16 |    38 |     7 ||    78
Armor: Robe              |    61 |    33 |    45 |     7 ||   146
Dodge: Dodged            |    81 |    33 |    87 |    14 ||   215
Block: Other             |       |       |     9 |     5 ||    14

Vanquished Creatures
  A two-headed ogre (D:10)
  A troll (D:9)
  A hornet (D:7)
  Eustachio (D:4)
  Menkaure (D:7)
  A water moccasin (D:7)
  4 orc warriors
  A sky beast (D:5)
  2 ice beasts
  A phantom (D:7)
  A necrophage (D:9)
  4 ogres
  2 centaurs
  A big kobold (D:8)
  5 bullfrogs
  2 scorpions (D:8)
  11 wights
  A howler monkey (D:6)
  3 electric eels (D:6)
  3 crimson imps
  A quasit (D:9)
  A bullfrog zombie (D:5)
  7 hounds
  A jelly (D:9)
  2 iguanas (D:7)
  8 orc priests
  10 orc wizards
  A bullfrog skeleton (D:5)
  Jessica (D:3)
  6 worker ants
  A hound zombie (D:8)
  2 hound skeletons (D:4)
  10 adders
  A howler monkey skeleton (D:9)
  A shadow imp (D:6)
  2 oozes (D:1)
  2 adder zombies
  A dart slug (D:5)
  4 leopard geckos
  29 orcs
  6 giant cockroaches
  13 goblins
  9 hobgoblins
  13 jackals
  3 quokkas
  A ball python skeleton (D:4)
  10 bats
  8 frilled lizards
  11 kobolds
  A leopard gecko skeleton (D:4)
  A leopard gecko zombie (D:5)
  A quokka skeleton (D:6)
  A quokka zombie (D:5)
  12 rats
228 creatures vanquished.

Vanquished Creatures (others)
  An orc (D:6)
1 creature vanquished.

Grand Total: 229 creatures vanquished
